 Dungeon Crawl Stone Soup version 0.29-a0-270-g1586fc07ea (webtiles) character file.

Game seed: 6308099432192422544

1971 sammy202020 the Skirmisher (level 9, -1/57 HPs)
             Began as a Gargoyle Berserker on Mar 8, 2022.
             Was a Believer of Trog.
             Slain by a two-headed ogre
             ... wielding a +0 giant club
              (10 damage)
             ... on level 7 of the Dungeon.
             The game lasted 00:10:50 (7778 turns).

sammy202020 the Skirmisher (Gargoyle Berserker)     Turns: 7778, Time: 00:10:51

Health: -1/57      AC: 19    Str: 21    XL:     9   Next: 20%
Magic:  9/9        EV:  7    Int: 14    God:    Trog [**....]
Gold:   320        SH:  0    Dex: 11    Spells: 8/8 levels left

rFire   . . .      SeeInvis .   r - +5 mace of the Sandy God {vamp, Int+4}
rCold   . . .      Faith    .   (no shield)
rNeg    + . .      Spirit   .   e - +0 plate armour
rPois   ∞          Reflect  .   (no helmet)
rElec   +          Harm     .   (no cloak)
rCorr   .          Rampage  .   (no gloves)
Will    .....                   (no boots)
Stlth   ..........              (no amulet)
HPRegen 0.19/turn               (no ring)
MPRegen 0.11/turn               (no ring)

@: no status effects
A: sickness immunity, AC +6, negative energy resistance 1, electricity
resistance, torment resistance 1, petrification resistance
a: Renounce Religion, Berserk, Trog's Hand


You were on level 7 of the Dungeon.
You worshipped Trog.
Trog was pleased with you.
You visited 1 branch of the dungeon, and saw 7 of its levels.

You collected 320 gold pieces.

Inventory:

Hand Weapons
 p - a +2 morningstar
 r - the +5 mace of the Sandy God (weapon) {vamp, Int+4}
   (You found it on level 4 of the Dungeon)

   It occasionally heals its wielder for a portion of the damage dealt when it
   wounds a living foe.
   Int:       It affects your intelligence (+4).
Armour
 d - a +0 chain mail
 e - a +0 plate armour (worn)
 m - a +1 ring mail of fire resistance
Wands
 b - a wand of flame (18)
Scrolls
 h - 2 scrolls of vulnerability
 n - 3 scrolls of magic mapping
Potions
 c - 3 potions of curing
 f - a potion of mutation
 i - 3 potions of might
 j - a potion of cancellation
 l - a potion of heal wounds {unknown}
 o - a potion of ambrosia {unknown}
 q - 2 potions of lignification {unknown}


   Skills:
 * Level 7.6 Fighting
 * Level 7.0 Maces & Flails
 * Level 7.2 Armour
 + Level 3.9 Dodging


You had 8 spell levels left.
You didn't know any spells.
Your spell library was empty.

Dungeon Overview and Level Annotations

Branches:
Dungeon (7/15)
 Temple: D:4-7

Altars:
Trog
Vehumet

Shops:
D:6 *

Annotations:
D:7 Duvessa


Innate Abilities, Weirdness & Mutations

You are immune to sickness and miasma.
Your stone body is resilient. (AC +6)
You are immune to poison.
You resist negative energy. (rN+)
You are resistant to electric shocks. (rElec)
You are resistant to unholy torment.
You are immune to petrification.


Message History

Duvessa goes berserk!
Your skin stops crawling.
You feel less strong-willed.
You closely miss Duvessa.
Duvessa is lightly wounded.
Duvessa hits you but does no damage. Duvessa barely misses you.
You closely miss Duvessa.
Duvessa is lightly wounded.
Duvessa hits you with a +0 rapier.
You thump the two-headed ogre!
You feel better.
The two-headed ogre is moderately wounded.
You completely miss the two-headed ogre.
The two-headed ogre is moderately wounded.
The two-headed ogre barely misses you.
The two-headed ogre hits you with a +0 giant club!
You hear a shout!
You barely miss the two-headed ogre.
The two-headed ogre is moderately wounded.
The two-headed ogre hits you with a +0 giant club. x2
You barely miss the two-headed ogre.
The two-headed ogre is moderately wounded.
You hit the two-headed ogre.
You feel better.
The two-headed ogre is moderately wounded.
The two-headed ogre hits you with a +0 giant club!
The two-headed ogre hits you but does no damage.
You hit the two-headed ogre.
The two-headed ogre is moderately wounded.
The two-headed ogre hits you with a +0 giant club. x2
You sock the two-headed ogre!
You feel better.
The two-headed ogre is severely wounded.
You hit the two-headed ogre.
The two-headed ogre is severely wounded.
The two-headed ogre closely misses you.
The two-headed ogre hits you but does no damage.
An orc comes into view. It is wielding a +0 flail.
You hit the two-headed ogre.
The two-headed ogre is severely wounded.
The two-headed ogre hits you with a +0 giant club!!
* * * LOW HITPOINT WARNING * * *
The two-headed ogre hits you with a +0 giant club!
You die...

..###.# ## #ooo.....
...#.####... ##.#
#.#.#....# #.o#
#.#.....# ####.#####.#
#...<..######oo.c.e.....
#####...##..oF#.######..
##..#..#ec..#
#).#.##O####
#####....##@####
#..............#
................#
................#
................#
................#
######............
#)............
#...>.........


You could see a two-headed ogre, Duvessa (berserk), a bullfrog, a centaur and 3
orcs.

Vanquished Creatures
  A wraith (D:5)
  Edmund (D:5)
  2 water moccasins (D:5)
  An ice beast (D:5)
  4 ogres
  A centaur (D:7)
  3 phantoms (D:5)
  A gnoll sergeant (D:6)
  3 scorpions
  Dowan (D:7)
  A vampire bat (D:5)
  2 hounds
  2 jellies (D:5)
  Ijyb (D:3)
  An iguana (D:5)
  3 gnolls (D:6)
  5 adders
  2 white imps
  2 ufetubi
  3 worms
  4 dart slugs
  3 fire bats (D:5)
  10 orcs
  2 spectral bats (D:5)
  3 bat skeletons (D:5)
  A bat zombie (D:5)
  8 endoplasms
  3 giant cockroaches
  5 goblins
  6 hobgoblins
  5 kobolds
  5 quokkas
  3 ball pythons
  11 bats
  A bat simulacrum (D:5)
  A frilled lizard (D:2)
  5 rats
116 creatures vanquished.

Notes
Turn   | Place    | Note
-------+----------+-------------------------------------------
     0 | D:1      | sammy202020 the Gargoyle Berserker began the quest for the
                  | Orb.
     0 | D:1      | Reached XP level 1. HP: 14/14 MP: 1/1
   719 | D:1      | Reached XP level 2. HP: 12/19 MP: 2/2
  1579 | D:1      | Reached XP level 3. HP: 24/24 MP: 3/3
  1580 | D:1      | Found a faded altar of an unknown god.
  2877 | D:2      | Noticed a scorpion
  2884 | D:2      | Killed a scorpion
  2885 | D:2      | Reached XP level 4. HP: 25/29 MP: 4/4
  3138 | D:3      | Noticed Ijyb
  3150 | D:3      | Killed Ijyb
  3151 | D:3      | Reached XP level 5. HP: 13/33 MP: 5/5
  4052 | D:3      | You fall into a shaft and drop 1 floor!
  4497 | D:4      | Identified the +5 mace of the Sandy God {vamp, Int+4}
  4499 | D:4      | Noticed an ogre
  4514 | D:4      | Killed an ogre
  4515 | D:4      | Reached XP level 6. HP: 14/39 MP: 6/6
  4905 | D:5      | Entered Level 5 of the Dungeon
  4976 | D:5      | Reached skill level 5 in Fighting
  5078 | D:5      | Noticed a water moccasin
  5091 | D:5      | Killed a water moccasin
  5092 | D:5      | Reached XP level 7. HP: 37/44 MP: 7/7
  5169 | D:5      | Reached skill level 5 in Maces & Flails
  5169 | D:5      | Reached skill level 5 in Armour
  5373 | D:5      | Noticed a wraith
  5393 | D:5      | Killed a wraith
  5700 | D:5      | Noticed Edmund
  5714 | D:5      | Killed Edmund
  5715 | D:5      | Reached XP level 8. HP: 43/51 MP: 8/8
  6101 | D:5      | Noticed a moth of wrath
  6103 | D:5      | Found a bloodstained altar of Trog.
  6711 | D:5      | Reached ** piety under Trog
  6951 | D:6      | Found Puomp's Overcharged Wands.
  6981 | D:6      | Reached XP level 9. HP: 27/57 MP: 9/9
  7370 | D:6      | Found a radiant altar of Vehumet.
  7742 | D:7      | Noticed Duvessa
  7746 | D:7      | Noticed a two-headed ogre
  7755 | D:7      | Noticed Dowan
  7767 | D:7      | Killed Dowan
  7778 | D:7      | Slain by a two-headed ogre

Illustrated notes

Levels and vault maps discovered:
D:1:      minmay_arrival_widening_spiral_narrow, layout_loops_ring,
          basic_ecumenical_altar, supply_closet_lemuel
D:2:      layout_basic, serial_curves, eino_curves_02, eino_curves_01,
          minmay_misc_feat_x, serial_bayou_pond_d, roderic_cross_of_infinity
D:3:      wander_river, layout_basic, uniq_ijyb
D:4:      minmay_octagon_keep, layout_rooms, uniq_eustachio, uniq_blork_the_orc,
          uniq_grinder
D:5:      layout_loops_ring, tgw_trog, goddamned_bats, uniq_edmund
D:6:      layout_loops_ring, nicolae_vehumet_radiance, hex_large,
          nicolae_shop_overcharged_wands
D:7:      layout_rooms, nicolae_qazlal_eye_of_the_storm, elyvilon_altar_1,
          minmay_temple_entry_slanted, kennysheep_generic_room_9, uniq_duvessa

Skill      XL: |  1  2  3  4  5  6  7  8  9 |
---------------+----------------------------+-----
Armour         | 3 4 5 6 7 |  7.2
Fighting       | 4 5 6 7 |  7.6
Dodging        | 2 3 |  3.9
Maces & Flails | 4 5 6 7 |  7.0

Action                   |  1- 3 |  4- 6 |  7- 9 || total
-------------------------+-------+-------+-------++-------
Melee: Mace              |    78 |    41 |   229 ||   348
       Punch             |     2 |     2 |     3 ||     7
       Morningstar       |     6 |    53 |       ||    59
Invok: Berserk           |     1 |     2 |     2 ||     5
       Trog's Hand       |       |       |     1 ||     1
  Use: Scroll            |     8 |     5 |     1 ||    14
       Potion            |       |     1 |       ||     1
Armor: Animal skin       |    11 |       |       ||    11
       Scale mail        |    14 |     5 |       ||    19
       Plate armour      |       |    97 |   270 ||   367
Dodge: Dodged            |    40 |    43 |   135 ||   218

Table legend: (Time is in decaauts)
 A = Elapsed time spent in this place.
 B = Non-inter-level travel time spent in this place.
 C = Inter-level travel time spent in this place.
 D = Time resting spent in this place.
 E = Time spent auto-exploring this place.
 F = Levels seen in this place.
 G = Mean time per level.
                   A        B        C        D        E       F      G
               +--------+--------+--------+--------+--------+-----+--------+
         Total |   7907 |   7658 |    249 |    813 |   5664 |   7 | 1129.6 |
       Dungeon |   7907 |   7658 |    249 |    813 |   5664 |   7 | 1129.6 |
               +--------+--------+--------+--------+--------+-----+--------+

Top non-repeatable levels by time:
     D:5: 2102 daAuts
     D:1: 1890 daAuts
     D:2: 1273 daAuts
     D:3: 931 daAuts
     D:4: 876 daAuts
     D:6: 772 daAuts
     D:7: 59 daAuts
